[ AOE2 MATCH · #505738444 ]
UnrankedWu vs Byzantines
Player's team · LOSS
[ REPLAY ANALYSIS · EXTRACTED FROM THE RECORDED GAME ]
Feudal
13:41
Castle
18:56
Imperial
39:11
| APM avg | 39.7 |
| APM peak | 105 |
| eAPM avg | 26.3 |
| Villagers / military | 178 / 150 |
Focus
⚔️ 43.3% · 🌾 56.7%
Unknown (1944) ×141 · Scout Cavalry ×70 · Spearman ×60 · Unknown (1974) ×31 · Militia ×10 · Battering Ram ×9
Feudal
8:53
Castle
21:14
Imperial
38:44
| APM avg | 33.9 |
| APM peak | 82 |
| eAPM avg | 24.4 |
| Villagers / military | 211 / 212 |
Focus
⚔️ 34.4% · 🌾 65.6%
Cataphract ×123 · Knight ×24 · Trebuchet (Packed) ×17 · Scout Cavalry ×15 · Archer ×9 · Monk ×7
Match map
Initial resources + every placement click. Lines = walls · curves = elevation contours. ◆ gold · ⬟ stone · ● berries · ✦ relic · ◌ wall gap
Your base· ✓ Closed at 18:56 · 79t walls · no gate
Sportfan's base· ✓ Closed at 21:14 · 27t walls · no gate
Smoothed initial terrain · ◌ = detected wall gap · hover for details
Inputs per minute
— [GDL]CemenTox - - Sportfan
Build order — [GDL]CemenTox
First 150 of 593 actions detected
| 0:01 | Queue | Villager (Male) |
| 0:01 | Queue | Villager (Male) |
| 0:02 | Queue | Villager (Male) |
| 0:03 | Build | House |
| 0:04 | Build | House |
| 0:13 | Queue | Villager (Male) |
| 0:14 | Queue | Villager (Male) |
| 1:30 | Queue | Villager (Male) |
| 1:37 | Build | Lumber Camp |
| 1:57 | Queue | Villager (Male) |
| 1:57 | Queue | Villager (Male) |
| 2:25 | Queue | Villager (Male) |
| 2:46 | Queue | Villager (Male) |
| 3:12 | Queue | Villager (Male) |
| 3:41 | Queue | Villager (Male) |
| 3:52 | Build | House |
| 4:13 | Queue | Villager (Male) |
| 4:13 | Queue | Villager (Male) |
| 4:14 | Queue | Villager (Male) |
| 4:48 | Build | House |
| 4:52 | Build | Palisade Wall |
| 4:53 | Build | Palisade Wall |
| 4:55 | Build | Palisade Wall |
| 4:55 | Build | Palisade Wall |
| 4:56 | Build | Palisade Wall |
| 5:03 | Queue | Villager (Male) |
| 5:04 | Queue | Villager (Male) |
| 5:05 | Queue | Villager (Male) |
| 5:05 | Queue | Villager (Male) |
| 5:10 | Build | Barracks |
| 5:46 | Build | House |
| 6:01 | Queue | Militia |
| 6:01 | Queue | Militia |
| 6:02 | Queue | Militia |
| 6:19 | Queue | Villager (Male) |
| 6:24 | Queue | Militia |
| 6:25 | Queue | Militia |
| 6:29 | Build | House |
| 6:44 | Build | Mill |
| 6:45 | Queue | Villager (Male) |
| 6:59 | Queue | Militia |
| 7:28 | Queue | Villager (Male) |
| 7:41 | Queue | Militia |
| 7:51 | Queue | Villager (Male) |
| 8:24 | Queue | Villager (Male) |
| 8:24 | Queue | Villager (Male) |
| 8:51 | Queue | Villager (Male) |
| 8:55 | Build | Mill |
| 8:58 | Build | Farm |
| 8:58 | Build | Farm |
| 8:59 | Build | Farm |
| 8:59 | Build | Farm |
| 8:59 | Build | Farm |
| 8:59 | Build | Farm |
| 9:24 | Queue | Villager (Male) |
| 9:32 | Build | Farm |
| 9:32 | Build | Farm |
| 9:32 | Build | Farm |
| 10:15 | Queue | Villager (Male) |
| 10:18 | Build | Mining Camp |
| 10:40 | Queue | Villager (Male) |
| 10:43 | Build | Farm |
| 11:06 | Research | Loom |
| 11:09 | Research | Feudal Age |
| 11:09 | Research | Feudal Age |
| 11:28 | Build | Palisade Wall |
| 11:32 | Build | Palisade Wall |
| 11:46 | Build | Palisade Wall |
| 11:53 | Build | Palisade Wall |
| 12:24 | Build | Palisade Wall |
| 12:32 | Queue | Villager (Male) |
| 12:32 | Queue | Villager (Male) |
| 12:48 | Build | Palisade Wall |
| 13:00 | Build | Palisade Wall |
| 13:35 | Build | House |
| 13:41 | Age | Feudal Age |
| 13:57 | Build | Palisade Wall |
| 13:58 | Build | Palisade Wall |
| 14:07 | Queue | Villager (Male) |
| 14:46 | Build | Market |
| 14:57 | Queue | Villager (Male) |
| 15:26 | Research | Town Watch |
| 15:27 | Research | Town Watch |
| 15:37 | Build | Blacksmith |
| 15:41 | Queue | Villager (Male) |
| 15:58 | Build | Farm |
| 15:59 | Build | Farm |
| 15:59 | Build | Farm |
| 15:59 | Build | Farm |
| 15:59 | Build | Farm |
| 15:59 | Build | Farm |
| 16:04 | Build | Farm |
| 16:04 | Build | Farm |
| 16:04 | Build | Farm |
| 16:11 | Research | Castle Age |
| 16:11 | Research | Castle Age |
| 16:11 | Research | Castle Age |
| 16:21 | Research | Horse Collar |
| 16:21 | Research | Horse Collar |
| 16:29 | Build | Farm |
| 16:48 | Research | Scale Mail Armor |
| 16:48 | Research | Scale Mail Armor |
| 16:48 | Research | Scale Mail Armor |
| 16:53 | Research | Gold Mining |
| 16:54 | Research | Gold Mining |
| 17:16 | Build | Barracks |
| 17:38 | Build | Farm |
| 17:50 | Build | Farm |
| 17:57 | Research | Double-Bit Axe |
| 18:09 | Build | Farm |
| 18:13 | Build | Farm |
| 18:22 | Queue | Villager (Male) |
| 18:26 | Research | Scale Mail Armor |
| 18:56 | Age | Castle Age |
| 19:03 | Queue | Unit 1974 |
| 19:03 | Queue | Unit 1974 |
| 19:09 | Build | Barracks |
| 19:14 | Queue | Unit 1974 ×2 |
| 19:14 | Queue | Unit 1974 ×2 |
| 19:21 | Queue | Villager (Male) |
| 19:28 | Research | Bow Saw |
| 19:36 | Build | House |
| 19:39 | Queue | Villager (Male) |
| 19:50 | Research | Squires |
| 19:50 | Research | Squires |
| 20:06 | Queue | Unit 1974 |
| 20:07 | Queue | Unit 1974 |
| 20:07 | Queue | Unit 1974 |
| 20:07 | Queue | Unit 1974 |
| 20:15 | Queue | Villager (Male) |
| 20:15 | Queue | Villager (Male) |
| 20:35 | Build | House |
| 20:37 | Build | House |
| 20:47 | Queue | Unit 1974 |
| 20:47 | Queue | Unit 1974 |
| 20:47 | Queue | Unit 1974 |
| 20:55 | Queue | Villager (Male) |
| 21:01 | Build | House |
| 21:17 | Build | Siege Workshop |
| 21:32 | Queue | Villager (Male) |
| 21:39 | Queue | Unit 1974 |
| 21:46 | Build | Farm |
| 21:47 | Build | Farm |
| 21:49 | Queue | Villager (Male) |
| 22:02 | Queue | Battering Ram |
| 22:02 | Queue | Battering Ram |
| 22:05 | Build | Outpost |
| 22:11 | Build | Outpost |
| 22:12 | Queue | Villager (Male) |
| 22:20 | Research | Forging |
Build order — Sportfan
First 150 of 590 actions detected
| 0:01 | Queue | Villager (Male) |
| 0:01 | Queue | Villager (Male) |
| 0:01 | Queue | Villager (Male) |
| 0:02 | Build | House |
| 0:03 | Build | House |
| 0:14 | Queue | Villager (Male) |
| 0:14 | Queue | Villager (Male) |
| 1:22 | Queue | Villager (Male) |
| 1:45 | Build | Lumber Camp |
| 1:58 | Queue | Villager (Male) |
| 1:58 | Queue | Villager (Male) |
| 2:20 | Queue | Villager (Male) |
| 2:20 | Queue | Villager (Male) |
| 2:53 | Queue | Villager (Male) |
| 2:53 | Queue | Villager (Male) |
| 3:01 | Build | House |
| 3:18 | Queue | Villager (Male) |
| 3:18 | Queue | Villager (Male) |
| 3:30 | Build | Palisade Wall |
| 3:42 | Queue | Villager (Male) |
| 3:43 | Queue | Villager (Male) |
| 3:53 | Queue | Villager (Male) |
| 3:53 | Queue | Villager (Male) |
| 4:23 | Build | Mill |
| 4:30 | Queue | Villager (Male) |
| 4:30 | Queue | Villager (Male) |
| 4:30 | Queue | Villager (Male) |
| 4:35 | Queue | Villager (Male) |
| 4:35 | Queue | Villager (Male) |
| 5:27 | Queue | Villager (Male) |
| 5:30 | Research | Loom |
| 6:43 | Research | Feudal Age |
| 6:58 | Build | Lumber Camp |
| 7:42 | Build | House |
| 7:43 | Build | House |
| 7:51 | Queue | Villager (Male) |
| 8:35 | Build | House |
| 8:42 | Build | House |
| 8:46 | Queue | Villager (Male) |
| 8:53 | Age | Feudal Age |
| 8:55 | Build | Barracks |
| 9:10 | Queue | Villager (Male) |
| 9:26 | Queue | Villager (Male) |
| 9:42 | Build | Archery Range |
| 9:47 | Queue | Villager (Male) |
| 9:58 | Queue | Spearman |
| 9:58 | Queue | Spearman |
| 10:15 | Build | Farm |
| 10:24 | Queue | Villager (Male) |
| 10:40 | Build | Farm |
| 10:50 | Build | Mill |
| 11:18 | Queue | Archer |
| 11:30 | Build | House |
| 11:31 | Build | Palisade Wall |
| 11:34 | Queue | Villager (Male) |
| 11:34 | Queue | Villager (Male) |
| 11:52 | Build | Mining Camp |
| 12:03 | Queue | Villager (Male) |
| 12:03 | Queue | Villager (Male) |
| 12:06 | Build | Farm |
| 12:13 | Build | Blacksmith |
| 12:15 | Build | House |
| 12:33 | Build | Farm |
| 12:44 | Queue | Villager (Male) |
| 13:10 | Build | Farm |
| 13:12 | Queue | Villager (Male) |
| 13:12 | Queue | Villager (Male) |
| 13:29 | Queue | Archer |
| 13:29 | Queue | Archer |
| 13:39 | Queue | Villager (Male) |
| 13:39 | Queue | Villager (Male) |
| 13:41 | Build | Farm |
| 13:58 | Queue | Villager (Male) |
| 13:58 | Queue | Villager (Male) |
| 14:13 | Build | Farm |
| 14:16 | Queue | Villager (Male) |
| 14:23 | Queue | Villager (Male) |
| 14:23 | Queue | Villager (Male) |
| 14:28 | Build | Market |
| 14:32 | Queue | Villager (Male) |
| 14:34 | Queue | Archer |
| 14:34 | Queue | Archer |
| 14:40 | Build | Farm |
| 14:43 | Build | Farm |
| 14:59 | Research | Double-Bit Axe |
| 15:00 | Research | Double-Bit Axe |
| 15:04 | Build | House |
| 15:07 | Build | Palisade Wall |
| 15:10 | Queue | Villager (Male) |
| 15:17 | Queue | Archer |
| 15:17 | Queue | Archer |
| 15:26 | Build | Farm |
| 15:45 | Queue | Villager (Male) |
| 16:11 | Queue | Villager (Male) |
| 16:18 | Build | Farm |
| 16:20 | Build | Farm |
| 16:22 | Build | Farm |
| 16:24 | Queue | Villager (Male) |
| 16:28 | Queue | Villager (Male) |
| 16:46 | Build | Farm |
| 16:49 | Queue | Villager (Male) |
| 17:17 | Queue | Villager (Male) |
| 17:47 | Queue | Villager (Male) |
| 18:34 | Research | Castle Age |
| 18:34 | Research | Castle Age |
| 19:19 | Build | Stable |
| 19:21 | Build | Stable |
| 19:25 | Research | Gold Mining |
| 19:25 | Research | Gold Mining |
| 19:27 | Research | Horse Collar |
| 19:27 | Research | Horse Collar |
| 19:31 | Research | Scale Barding Armor |
| 19:31 | Research | Scale Barding Armor |
| 19:44 | Build | Farm |
| 19:54 | Build | House |
| 20:03 | Queue | Villager (Male) |
| 20:09 | Build | Farm |
| 20:53 | Build | Farm |
| 21:10 | Queue | Archer |
| 21:10 | Queue | Archer |
| 21:14 | Age | Castle Age |
| 21:15 | Queue | Knight |
| 21:15 | Queue | Knight |
| 21:18 | Queue | Villager (Male) |
| 21:22 | Build | Town Center |
| 21:23 | Build | Monastery |
| 21:28 | Research | Bow Saw |
| 21:33 | Queue | Villager (Male) |
| 21:44 | Build | Siege Workshop |
| 21:46 | Queue | Villager (Male) |
| 21:55 | Queue | Knight |
| 21:55 | Queue | Knight |
| 22:03 | Build | Farm |
| 22:08 | Queue | Monk |
| 22:13 | Build | House |
| 22:15 | Queue | Villager (Male) |
| 22:25 | Queue | Knight |
| 22:25 | Queue | Knight |
| 22:39 | Queue | Villager (Male) |
| 22:45 | Queue | Knight |
| 22:45 | Queue | Knight |
| 22:51 | Build | Farm |
| 22:56 | Queue | Monk |
| 23:00 | Build | House |
| 23:02 | Queue | Villager (Male) |
| 23:04 | Build | Farm |
| 23:07 | Build | House |
| 23:17 | Build | House |
| 23:24 | Build | Farm |
| 23:24 | Queue | Villager (Male) |
Match timeline
| 3:30 | Sportfan · wall_segment Palisade Wall x1 |
| 4:52 | [GDL]CemenTox · wall_segment Palisade Wall x1 |
| 4:53 | [GDL]CemenTox · wall_segment Palisade Wall x1 |
| 4:55 | [GDL]CemenTox · wall_segment Palisade Wall x1 |
| 4:55 | [GDL]CemenTox · wall_segment Palisade Wall x1 |
| 4:56 | [GDL]CemenTox · wall_segment Palisade Wall x1 |
| 5:10 | [GDL]CemenTox · first_building Barracks |
| 8:53 | Sportfan · age_up feudal |
| 8:55 | Sportfan · first_building Barracks |
| 9:42 | Sportfan · first_building Archery Range |
| 11:28 | [GDL]CemenTox · wall_segment Palisade Wall x11 |
| 11:31 | Sportfan · wall_segment Palisade Wall x16 |
| 11:32 | [GDL]CemenTox · wall_segment Palisade Wall x9 |
| 11:46 | [GDL]CemenTox · wall_segment Palisade Wall x18 |
| 11:53 | [GDL]CemenTox · wall_segment Palisade Wall x12 |
| 12:24 | [GDL]CemenTox · wall_segment Palisade Wall x9 |
| 12:48 | [GDL]CemenTox · wall_segment Palisade Wall x7 |
| 13:00 | [GDL]CemenTox · wall_segment Palisade Wall x6 |
| 13:41 | [GDL]CemenTox · age_up feudal |
| 13:57 | [GDL]CemenTox · wall_segment Palisade Wall x1 |
| 13:58 | [GDL]CemenTox · wall_segment Palisade Wall x1 |
| 15:07 | Sportfan · wall_segment Palisade Wall x10 |
| 15:49 | [GDL]CemenTox · first_market_buy 100 wood |
| 16:10 | [GDL]CemenTox · first_market_sell 100 stone |
| 16:51 | Sportfan · first_market_sell 100 wood |
| 16:52 | Sportfan · first_market_buy 100 food |
| 18:56 | [GDL]CemenTox · age_up castle |
| 19:19 | Sportfan · first_building Stable |
| 21:14 | Sportfan · age_up castle |
| 21:17 | [GDL]CemenTox · first_building Siege Workshop |
| 21:23 | Sportfan · first_building Monastery |
| 21:44 | Sportfan · first_building Siege Workshop |
| 29:03 | Sportfan · first_building Castle |
| 29:33 | Sportfan · wall_segment Palisade Wall x1 |
| 32:00 | [GDL]CemenTox · first_building Monastery |
| 33:50 | [GDL]CemenTox · first_building Castle |
| 34:25 | [GDL]CemenTox · wall_segment Palisade Wall x1 |
| 36:45 | [GDL]CemenTox · wall_segment Stone Wall x30 |
| 36:48 | [GDL]CemenTox · wall_segment Palisade Wall x17 |
| 38:18 | [GDL]CemenTox · first_building Stable |
| 38:44 | Sportfan · age_up imperial |
| 39:11 | [GDL]CemenTox · age_up imperial |
| 40:22 | [GDL]CemenTox · wall_segment Palisade Wall x1 |
| 47:04 | Sportfan · wall_segment Palisade Wall x1 |
| 52:25 | [GDL]CemenTox · resign |
[ AI ANALYSIS · 1 CREDIT ]
What really happened in this match?
Wolo.gg analyzes every decision: build order, eco, micro, common mistakes by bracket. Personalized analysis on WhatsApp or Discord in 30 seconds.
Civ guide
Wu
Perfil
Jugador #21699887